 Dungeon Crawl Stone Soup version 0.30-a0-760-g5a9884bb7c (webtiles) character file.

Game seed: 5277626574576827860

1 kae the Ruffian (level 1, 0/18 HPs)
             Began as a Naga Transmuter on Feb 10, 2023.
             Slain by a giant cockroach (2 damage)
             ... on level 1 of the Dungeon.
             The game lasted 00:00:23 (39 turns).

kae the Ruffian (Naga Transmuter)                     Turns: 39, Time: 00:00:23

Health: 0/18       AC:  1    Str: 12    XL:     1   Next: 20%
Magic:  2/3        EV:  9    Int: 13    God:
Gold:   0          SH:  0    Dex: 11    Spells: 3/4 levels left

rFire   . . .      SeeInvis +      - Unarmed
rCold   . . .      Faith    .    (no shield)
rNeg    . . .      Spirit   .    a - +0 robe
rPois   +          Reflect  .    (no helmet)
rElec   .          Harm     .    (no cloak)
rCorr   .          Rampage  .    (no gloves)
Will    .....                    (no barding)
Stlth   +                        (no amulet)
HPRegen 0.23/turn                (no ring)
MPRegen 0.08/turn                (no ring)

@: short of breath, very slow
A: AC +0, large, see invisible, deformed body, poison resistance, slowness 2,
spit poison 1, naga tail 1
a: Spit Poison


You were on level 1 of the Dungeon.
You visited 1 branch of the dungeon, and saw 1 of its levels.


Innate Abilities, Weirdness & Mutations

Your serpentine skin is tough. (AC +0)
You have supernaturally acute eyesight. (SInv)
Armour fits poorly on your strangely shaped body.
Your system is resistant to poisons. (rPois)
You cover ground very slowly.
You can spit poison.
You have a snake-like lower body.


   Skills:
 - Level 1.0 Fighting
 - Level 1.5 Dodging
 + Level 3.0 Unarmed Combat
 + Level 2.0 Spellcasting
 * Level 2.0 Transmutations


You had 3 spell levels left.
You knew the following spells:

 Your Spells              Type           Power      Damage    Failure   Level
a - Beastly Appendage     Tmut           12%        N/A       11%         1

Your spell library contained the following spells:

 Spells                   Type           Power      Damage    Failure   Level
 Wereblood                Tmut           6%         N/A       17%         2
 Spider Form              Tmut/Pois      4%         N/A       45%         3
 Ice Form                 Ice/Tmut       4%         N/A       86%         4

Inventory:

Armour
 a - a +0 robe (worn)
Potions
 b - a potion of lignification {!q}

Dungeon Overview and Level Annotations

Branches:
Dungeon (1/15) Zot: 5953

Altars:

Annotations:
D:1 1 transporter

...#.... #....#
....#....#######....####
........................
....#....##.............
....##.##....†.#.#.#....
..........##...##.#.#.##
..........###..###<#..#
..........# ##©##©#.###
..####@.># #####.#.#
......bBg.....#####.#..
....###..#.....##.##....
.. ...#.....##.. #...
##..#.....##.. ..#
..(>......#.. ..
...#.[........ . #....
.#..


You could see a giant cockroach, a goblin and a bat.


Message History

A frilled lizard is nearby!
Casting: Beastly Appendage (safe; 11% risk of failure)
Confirm with . or Enter, or press ? or * to list all spells.
You grow a pair of large bovine horns.
Your transformation is almost over. 😎 MP[-1]
You lost 1 mp, and now have 2/3 mp.
Casting: Beastly Appendage (safe; 11% risk of failure)
Confirm with . or Enter, or press ? or * to list all spells.
You extend your transformation's duration.
The frilled lizard barely misses you. 😎 MP[-1]
You lost 1 mp, and now have 1/3 mp.
You hit the frilled lizard.
You kill the frilled lizard!
No target in view!
No target in view!
No target in view!
No target in view!
No target in view!
Unknown command.
Unknown command.
Your transformation is almost over.
You see here a frilled lizard corpse.
Your horns disappear.
A goblin comes into view. It is wielding a +0 dagger.
Found a stone staircase leading down.
A goblin is nearby! 😎 MP[+1]
A goblin is nearby!
Found 5 stones.
Found an escape hatch in the floor.
Casting: Beastly Appendage (safe; 11% risk of failure)
Confirm with . or Enter, or press ? or * to list all spells.
You grow a pair of large bovine horns. 😎 MP[-1]
You lost 1 mp, and now have 1/3 mp.
Your transformation is almost over.
The goblin shouts!
A bat comes into view.
The goblin hits you with a +0 dagger.
A ball python comes into view. 😕 HP[-1] MP[+1]
You take 1 damage, and now have 17/18 hp.
There are monsters nearby!
You barely miss the goblin.
The ball python hisses angrily.
A giant cockroach comes into view.
The goblin barely misses you.
You closely miss the goblin. Your headbutt misses the goblin.
The bat hits you but does no damage. The goblin closely misses you. 😎 HP[+1]
Your hp is fully restored (18).
There are monsters nearby!
You closely miss the ball python. The ball python closely misses you.
The bat closely misses you. The goblin hits you with a +0 dagger.
You hit the ball python but do no damage.
The bat barely misses you. The bat closely misses you.
The ball python bites you but does no damage.
The goblin hits you with a +0 dagger.
There are monsters nearby!
There are monsters nearby!
You are too injured to fight recklessly!
You are too injured to fight recklessly! 😮 HP[-7]
You take 7 damage, and now have 11/18 hp.
MASSIVE DAMAGE!! (PAUSE)
Aiming: Spit Poison (3% risk of failure)
Press: ? - help, Shift-Dir - straight line, f - ball python
Aim: a ball python (48% to hit)
The splash of poison hits the ball python!
The ball python is poisoned.
You kill the ball python!
The bat hits you but does no damage. The bat barely misses you.
The goblin hits you with a +0 dagger.
* * * LOW HITPOINT WARNING * * *
😨 HP[-3]
You take 3 damage, and now have 8/18 hp.
Unknown command.
You hit the bat. Your headbutt misses the bat. The bat barely misses you.
The bat closely misses you. The giant cockroach bites you.
* * * LOW HITPOINT WARNING * * *
The goblin hits you with a +0 dagger.
* * * LOW HITPOINT WARNING * * *
😨 HP[-3]
You take 3 damage, and now have 5/18 hp.
Unknown command.
The bat hits you but does no damage. The giant cockroach bites you.
* * * LOW HITPOINT WARNING * * *
The bat hits you.
* * * LOW HITPOINT WARNING * * *
The goblin closely misses you.
The giant cockroach barely misses you. 😱 HP[-2]
You take 2 damage, and now have 3/18 hp.
You hit the giant cockroach but do no damage.
Your headbutt misses the giant cockroach.
Your horns disappear.
The bat hits you.
* * * LOW HITPOINT WARNING * * *
The giant cockroach bites you.
You die...

Action                     || total
---------------------------++-------
  Melee: Unarmed           ||     7
   Cast: Beastly Appendage ||     3
Ability: Spit Poison       ||     1
 Armour: Robe              ||     4
  Dodge: Dodged            ||    12

Levels and vault maps discovered:
D:1:      spicycebolla_arrival_risky_transporter, layout_rooms

Notes
Turn   | Place    | Note
-------+----------+-------------------------------------------
     0 | D:1      | kae the Naga Transmuter began the quest for the Orb.
     0 | D:1      | Reached XP level 1. HP: 18/18 MP: 3/3
     0 | D:1      | magus.rc [v1.11.3]
    38 | D:1      | HP: 4/18 [giant cockroach (1)]
    39 | D:1      | Slain by a giant cockroach

Vanquished Creatures
  A ball python (D:1)
  A frilled lizard (D:1)
2 creatures vanquished.

Table legend:
 A = Non-vault XP
 B = Vault XP
 C = Vault XP percentage of total XP
 D = Non-vault monster count
 E = Vault monster count
 F = Vault count percentage of total count
                 A         B        C        D         E       F
            +---------+---------+-------+---------+---------+-------
      Total |       2 |       0 |   0.0 |       2 |       0 |   0.0
            +---------+---------+-------+---------+---------+-------
        D:1 |       2 |       0 |   0.0 |       2 |       0 |   0.0
            +---------+---------+-------+---------+---------+-------

Illustrated notes

Table legend:
 A = Kills in this place as a percentage of kills in entire the game.
 B = Kills by you in this place as a percentage of kills by you in the entire game.
 C = Kills by friends in this place as a percentage of kills by friends in the entire game.
 D = Other kills in this place as a percentage of other kills in the entire game.
 E = Experience gained in this place as a percentage of experience gained in the entire game.
 F = Experience gained in this place divided by the number of levels of this place that you have seen.
                   A       B       C       D       E      F
               +-------+-------+-------+-------+-------+----------------------
         Total | 100.0 | 100.0 |   N/A |   N/A | 100.0 |   2.0
       Dungeon | 100.0 | 100.0 |   N/A |   N/A | 100.0 |   2.0
               +-------+-------+-------+-------+-------+----------------------

Table legend: (Time is in decaauts)
 A = Elapsed time spent in this place.
 B = Non-inter-level travel time spent in this place.
 C = Inter-level travel time spent in this place.
 D = Time resting spent in this place.
 E = Time spent auto-exploring this place.
 F = Levels seen in this place.
 G = Mean time per level.
                   A        B        C        D        E       F      G
               +--------+--------+--------+--------+--------+-----+--------+
         Total |     45 |     45 |      0 |      0 |     22 |   1 |   45.0 |
       Dungeon |     45 |     45 |      0 |      0 |     22 |   1 |   45.0 |
               +--------+--------+--------+--------+--------+-----+--------+

Top non-repeatable levels by time:
     D:1: 45 daAuts
